← All builds
Suicide front / Legion / Quick factory / OBSERVED BUILD

Standard suicide front

Legion Suicide front build order · Supreme Isthmus

Quick Bot Lab into Vehicle Plant to project force at middle early with Ballista, Satyr, Decurion and Lance, transitioning into Barrage artillery and an Advanced Metal Extractor as the game develops.

#rush #raid · 61 distinct matches · 27 players · 80% of Legion Suicide front games · team won 56% of 64 · Recently observed

HOW TO PLAY IT

Key timing: Legion Vehicle Plant by 1:01

  1. Take first mex while the bot lab goes down immediately.
  2. Finish the bot lab fast to start producing early bots.
  3. Queue the vehicle plant right after for Ballista and Satyr.
  4. Push Ballista and Barrage to contest middle early.
  5. Transition into an advanced mex once T2 constructor is up.

Phase by phase

TYPICAL OF ITS 61 GAMES
  1. 1
  2. 2
  3. 3
PLAY THE OPENING

Follow the example game's first 6:00 step by step: what to build now, what comes next, and where it goes. At 1× it keeps pace with your own game.

  1. 1

    Up to the Legion Bot Lab

    Economy
    • Metal Extractor2Mex
    Order
    1. Legion Bot LabLegion Bot Lab after 2 mexdone ~0:34, middle half 0:27–0:46

    Some games also: Legion Vehicle Plant (33%)

    By 0:18 in all: 2 mex

    The example game in this phase · 1 step
    1. Mex ×2
  2. 2

    Legion Bot Lab to 5:00

    Economy
    • Metal Extractor4Mex
    • Wind Turbine6Wind
    Army
    • Pharos3 Pharos
    Other
    • Radar Tower1 Radar Tower

    Some games also: Legion Construction Bot (44%) · Zagreus (44%) · Legion Construction Vehicle (42%) · con turret (42%) · Barrage (41%)

    By 5:00 in all: 5 mex · 7 wind · 1 con turret

    The example game in this phase · 33 steps
    1. Legion Vehicle PlantLegion Vehicle Plantdone 0:38 · typical 0:38
    2. WheelieWheelie
    3. Wind
    4. WheelieWheelie
    5. Wind
    6. WheelieWheelie ×3
    7. Legion Construction VehicleLegion Construction Vehicle
    8. Wind
    9. Legion Construction VehicleLegion Construction Vehicle
    10. Mex
    11. DecurionDecurion
    12. Con turret
    13. DecurionDecurion
    14. Mex ×2
    15. PharosPharos
    16. DecurionDecurion
    17. Con turret
    18. Wind
    19. BarrageBarrage
    20. Wind ×2
    21. Legion Construction VehicleLegion Construction Vehicle
    22. Wind
    23. DecurionDecurion
    24. Wind
    25. Con turret
    26. Wind
    27. DecurionDecurion
    28. Energy storage
    29. Wind ×2
    30. CacophonyCacophony
    31. Wind ×3
    32. BarrageBarrage
    33. Wind ×6
  3. 3

    5:00 to 10:00

    Economy
    • Metal Extractor1Mex
    • Wind Turbine9Wind
    Builders
    • Construction Turret1 Con turret

    Some games also: Radar Tower (50%) · Pharos (42%) · energy storage (39%) · Lance (34%) · Zagreus (33%)

    By 10:00 in all: 6 mex · 17 wind · 1 energy storage · 2 con turret

    The example game in this phase · 97 steps
    1. Legion Construction VehicleLegion Construction Vehicle
    2. Wind ×6
    3. Con turret
    4. Wind ×2
    5. DecurionDecurion
    6. Wind ×6
    7. DecurionDecurion
    8. Wind ×2
    9. Converter
    10. Wind ×2
    11. Converter
    12. Wind ×2
    13. Converter
    14. Wind ×2
    15. Converter
    16. BarrageBarrage
    17. Wind
    18. Converter
    19. Wind ×3
    20. Converter
    21. Wind
    22. BarrageBarrage
    23. Wind
    24. DecurionDecurion
    25. Wind ×4
    26. DecurionDecurion
    27. Wind ×2
    28. Con turret
    29. BarrageBarrage
    30. Wind
    31. EuryaleEuryale
    32. Legion Construction VehicleLegion Construction Vehicle
    33. DecurionDecurion
    34. Con turret
    35. Advanced Metal ExtractorT2 mexdone 8:39
    36. EuryaleEuryale
    37. Con turret ×3
    38. Advanced Metal ExtractorT2 mex
    39. EuryaleEuryale
    40. Con turret
    41. WheelieWheelie ×8
    42. Advanced Vehicle PlantAdvanced Vehicle Plantdone 11:08
    43. Radar TowerRadar Tower
    44. WheelieWheelie
    45. Advanced Metal ExtractorT2 mex
    46. WheelieWheelie ×9
    47. Advanced Metal ExtractorT2 mex
    48. WheelieWheelie ×2
    49. Metal storage
    50. WheelieWheelie ×3
    51. Advanced Construction VehicleT2 con vehicle
    52. Con turret
    53. WheelieWheelie
    54. Con turret ×2
    55. WheelieWheelie ×2
    56. Con turret ×2
    57. WheelieWheelie ×3
    58. Con turret
    59. WheelieWheelie
    60. Con turret ×2
    61. Advanced Metal ExtractorT2 mex
    62. Con turret
    63. Mex
    64. Con turret ×3
    65. Fusion ReactorFusiondone 13:01
    66. Wind ×5
    67. BrambleBramble
    68. Wind
    69. T2 converter
    70. Wind ×3
    71. WheelieWheelie ×3
    72. Wind
    73. Fusion ReactorFusion
    74. WheelieWheelie ×5
    75. MercuryMercurydone 14:14
    76. WheelieWheelie ×13
    77. T2 converter
    78. WheelieWheelie ×10
    79. Fusion ReactorFusion
    80. WheelieWheelie ×19
    81. Mex
    82. WheelieWheelie ×2
    83. T2 converter
    84. WheelieWheelie ×4
    85. Advanced Metal ExtractorT2 mex
    86. WheelieWheelie
    87. QuickshotQuickshot
    88. WheelieWheelie ×2
    89. QuickshotQuickshot
    90. WheelieWheelie ×2
    91. AegisAegisnot finished by 15:00
    92. QuickshotQuickshot
    93. WheelieWheelie ×3
    94. QuickshotQuickshot
    95. WheelieWheelie ×2
    96. QuickshotQuickshot
    97. WheelieWheelie

Counts are medians over the build's games: half of them build more, half fewer. The example game is Salosin's (34 OS, 01/09/2026); pick another.

Team trades

IN AT LEAST 30% OF ITS GAMES

You hand over

Nothing regular.

You get

  • Tidal Generator4 Tidal from Pondfirst at 0:12 · in 56% of games
  • Advanced Construction Bot1 T2 con bot from Tech or Geofirst at 7:37 · in 45% of games

How it plays out

Typical game of this build, running totals by minute

Metal produced

010k20k
0:005:0010:0015:00

metal

Enemy metal destroyed

05k10k
0:005:0010:0015:00

metal

Own metal lost

05k10k
0:005:0010:0015:00

metal

64 games.

Show as table
ByMetal produced: This buildEnemy metal destroyed: This buildOwn metal lost: This build
1:0028300
2:0087700
3:00181619270
4:002774469300
5:0038471119716
6:00484418481150
7:00589328741832
8:00727243202575
9:00847447363265
10:00972553614384
11:001112356744945
12:001311361295595
13:001394566067019
14:001564471597595
15:001724780818181
WHAT THE NUMBERS SAY

This aggressive opening wins more often than the role's other lines, with enemy metal destroyed well above own losses by 15:00.

  • + Enemy metal destroyed (9422) nearly doubles own metal lost (8541) by 15:00.
  • + Team wins 58% of games, strongest result among these roles.
  • − Own metal lost climbs fast early, 770 by 5:00 from committing hard.
THE EXAMPLE YOU ARE READING

Salosin

33.7 OS · 01/09/2026

Open source match ↗

6 received units · includes a constructor
1710 metal received · 34515 energy received

Allied construction assistance is unknown. Timings are observations, not a promise of solo reproducibility.

Typical milestones

Legion Bot Lab0:34Middle 50%: 0:27–0:46 · n=36
Legion Vehicle Plant0:38Middle 50%: 0:29–1:01 · n=41

Played most by

XuunnY11games of this buildChancho7games of this build_X_6games of this build[crd]sisa4games of this buildxabre3games of this build